 Dungeon Crawl Stone Soup version 0.28.0-43-g3370ac3207 (webtiles) character file.

Game seed: 9886714815877968634

2414 Ablot the Magician (level 9, -2/70 HPs)
             Began as a Gnoll Warper on Mar 21, 2022.
             Was a Follower of Okawaru.
             Slain by Harold
             ... wielding a +2 short sword of venom
              (10 damage)
             ... on level 7 of the Dungeon.
             The game lasted 00:17:37 (10225 turns).

Ablot the Magician (Gnoll Warper)                  Turns: 10225, Time: 00:17:38

Health: -2/70      AC:  7    Str: 14    XL:     9   Next: 47%
Magic:  19/19      EV: 14    Int: 12    God:    Okawaru [*.....]
Gold:   210        SH:  5    Dex: 13    Spells: 14/21 levels left

rFire   + . .      SeeInvis .   r - +1 whip (venom)
rCold   + . .      Faith    .   v - +0 buckler
rNeg    . . .      Spirit   .   A - +0 robe {Will+}
rPois   .          Reflect  .   y - +1 helmet
rElec   .          Harm     .   j - +0 cloak
rCorr   .          Rampage  .   (no gloves)
Will    +....                   l - +0 pair of boots
Stlth   +++.......              (no amulet)
HPRegen 0.21/turn               p - ring of protection from cold
MPRegen 0.16/turn               M - ring of protection from fire

@: lethally poisoned (-2 -> -6), marked
A: fangs 1, strong nose, distributed training
a: Renounce Religion, Heroism


You were on level 7 of the Dungeon.
You worshipped Okawaru.
Okawaru was aware of your devotion.
You visited 2 branches of the dungeon, and saw 8 of its levels.

You collected 318 gold pieces.
You spent 108 gold pieces at shops.

Inventory:

Hand Weapons
 a - a +0 trident
 r - a +1 whip of venom (weapon)
 w - a +1 long sword of holy wrath
 I - a +1 scimitar
Missiles
 d - 5 boomerangs of dispersal
 e - 107 stones
 f - 85 arrows
 k - 5 javelins
 o - 60 sling bullets
 s - 4 poisoned darts (quivered)
 F - 14 bolts
 G - a silver boomerang
Armour
 g - a +0 ring mail of cold resistance
 j - a +0 cloak (worn)
 l - a +0 pair of boots (worn)
 v - a +0 buckler (worn)
 y - a +1 helmet (worn)
 A - a +0 robe of willpower (worn)
Jewellery
 p - a ring of protection from cold (left hand)
 E - a ring of ice
 M - a ring of protection from fire (right hand)
Wands
 J - a wand of iceblast (6)
Scrolls
 c - 5 scrolls of blinking
 i - 2 scrolls of summoning
 n - a scroll of amnesia {unknown}
 q - 2 scrolls of vulnerability {unknown}
 u - a scroll of fear {unknown}
 x - a scroll of noise {unknown}
 z - 2 scrolls of enchant weapon
 C - a scroll of enchant armour {unknown}
 H - 2 scrolls of teleportation {unknown}
 K - a scroll of fog {unknown}
 L - a scroll of immolation {unknown}
Potions
 b - a potion of attraction {unknown}
 h - a potion of mutation {unknown}
 m - a potion of heal wounds
 t - 3 potions of curing
 B - a potion of lignification
 D - a potion of magic


   Skills:
 + Level 6.3 Fighting
 + Level 4.3 Short Blades
 + Level 4.3 Long Blades
 + Level 4.3 Axes
 + Level 4.3 Maces & Flails
 + Level 6.3 Polearms
 + Level 4.3 Staves
 + Level 4.3 Slings
 + Level 4.3 Bows
 + Level 4.3 Crossbows
 + Level 5.1 Throwing
 + Level 5.1 Armour
 + Level 6.3 Dodging
 + Level 4.3 Stealth
 + Level 4.3 Shields
 + Level 4.3 Unarmed Combat
 + Level 6.6 Spellcasting
 + Level 3.5 Conjurations
 + Level 3.5 Hexes
 + Level 3.5 Summonings
 + Level 3.5 Necromancy
 + Level 6.6 Translocations
 + Level 3.5 Transmutations
 + Level 3.5 Fire Magic
 + Level 3.5 Ice Magic
 + Level 3.5 Air Magic
 + Level 3.5 Earth Magic
 + Level 3.5 Poison Magic
 + Level 4.7 Invocations
 + Level 4.3 Evocations


You had 14 spell levels left.
You knew the following spells:

 Your Spells              Type           Power      Damage    Failure   Level
a - Blink                 Tloc           38%        N/A       2%          2
b - Sting                 Tmut/Pois      48%        1d5       4%          1
c - Ensorcelled Hibernat  Hex/Ice        24%        N/A       8%          2
d - Passwall              Tmut/Erth      10%        N/A       8%          2

Your spell library contained the following spells:

 Spells                   Type           Power      Damage    Failure   Level
 Freeze                   Ice            48%        1d7       4%          1
 Gell's Gravitas          Tloc           19%        N/A       4%          3
 Lesser Beckoning         Tloc           19%        N/A       4%          3
 Teleport Other           Tloc           19%        N/A       4%          3
 Frozen Ramparts          Ice            24%        1d4       16%         3
 Swiftness                Air            12%        N/A       16%         3
 Manifold Assault         Tloc           19%        N/A       36%         5
 Hailstorm                Conj/Ice       12%        3d5       45%         4


Dungeon Overview and Level Annotations

Branches:
Dungeon (7/15)             Temple (1/1) D:5

Altars:
Dithmenos
Elyvilon
Fedhas
Gozag
Kikubaaqudgha
Makhleb
Okawaru
Ru
Sif Muna
Trog
Uskayaw
Vehumet
Wu Jian
Xom
Yredelemnul
Zin

Shops:
D:3 !==*   D:5 (

Annotations:
D:5 3 runed translucent doors, exclusion: 3 doors, Exporg's ghost, novice TrFi
D:7 Harold; Joseph


Innate Abilities, Weirdness & Mutations

You have very sharp teeth.
Your uncanny sense of smell can sniff out nearby items.
Your experience applies equally to all skills.


Message History

Okawaru accepts your kill.
No target in view!
Things that are here:
a +0 hand axe; a +0 chain mail
L - a scroll labelled MAEDITI VUMEUQ
M - a ring of protection from fire Harold shouts!
M - a ring of protection from fire (right hand) Unknown command.
Harold throws a throwing net.
The throwing net hits you.
You become entangled in the net!
You see here a throwing net.
You are held in a net!
You struggle against the net.
You struggle against the net.
Harold zaps a wand.
The bolt of acid hits you!!!
Ouch! That really hurt!
You struggle against the net.
You struggle against the net.
Joseph, a Mercenary comes into view.
He is wielding a +0 vorpal quarterstaff.
Harold hits you with a +2 short sword of venom.
You are poisoned.
You rip the net and break free!
You feel sick.
Harold points at you and mumbles some strange words.
A sentinel's mark forms upon you.
Joseph shouts!
You hit Harold but do no damage.
Harold is poisoned.
You bite Harold, but do no damage.
You feel sick.
Joseph unwields a +0 vorpal quarterstaff.
Joseph wields a +0 hunting sling.
Joseph shoots a sling bullet.
The sling bullet hits you!
* * * LOW HITPOINT WARNING * * *
Harold gestures at you while chanting. The mark upon you grows brighter.
You hit Harold but do no damage.
Harold looks even sicker.
Your bite misses Harold.
Harold is lightly wounded.
You feel sick.
Joseph shoots a sling bullet.
The sling bullet hits you!
* * * LOW HITPOINT WARNING * * *
Harold hits you with a +2 short sword of venom!
You die...

#....## . ## #:....##...... ..
.##............. ### ### ..
..............## #.#####.# #.
..............###..#.##.###
##.#............. #..........#
#...<........#..###.........##
#.................#...#.....#####
#..##.#........@@.#.........##..#
## .. .........#....##..........
##. .......#.#....##.......... ##
#...........#####......#..
...@..#..#.. #.......##.
...#####..... ##......... .
#.#..##...........
####.............. ....#.........


You could see Harold (very poisoned) and Joseph.

Vanquished Creatures
  Eustachio (D:4)
  An ice beast (D:6)
  A sky beast (D:5)
  A necrophage (D:5)
  2 ogres
  2 centaurs (D:6)
  2 phantoms
  Blork the orc (D:5)
  2 scorpions
  A wyvern skeleton (D:6)
  2 water moccasin skeletons
  4 killer bees
  5 wights (D:6)
  A bullfrog zombie (D:5)
  A centaur zombie (D:5)
  A centaur skeleton (D:7)
  A hound (D:4)
  A bullfrog skeleton (D:3)
  A jelly (D:4)
  4 orc priests
  4 iguanas
  8 orc wizards
  Robin (D:4)
  5 adders
  A white imp (D:6)
  3 ufetubi
  An adder skeleton (D:4)
  2 worms
  4 dart slugs
  20 orcs
  7 ball pythons
  3 bats
  5 endoplasms
  3 giant cockroaches
  16 goblins
  9 hobgoblins
  A jackal (D:2)
  8 kobolds
  3 quokkas
  4 frilled lizards
  2 rats
145 creatures vanquished.

Vanquished Creatures (others)
  An orc wizard (D:4)
1 creature vanquished.

Grand Total: 146 creatures vanquished

Notes
Turn   | Place    | Note
-------+----------+-------------------------------------------
     0 | D:1      | Ablot the Gnoll Warper began the quest for the Orb.
     0 | D:1      | Reached XP level 1. HP: 20/20 MP: 6/6
    36 | D:1      | Found a faded altar of an unknown god.
   114 | D:1      | Reached XP level 2. HP: 26/26 MP: 7/7
   117 | D:1      | Learned a level 2 spell: Blink
   982 | D:2      | Reached XP level 3. HP: 29/31 MP: 9/9
  1034 | D:2      | Reached skill level 5 in Spellcasting
  1135 | D:2      | Reached skill level 1 in Invocations
  1277 | D:2      | Reached skill level 1 in Short Blades
  1277 | D:2      | Reached skill level 1 in Long Blades
  1277 | D:2      | Reached skill level 1 in Axes
  1277 | D:2      | Reached skill level 1 in Maces & Flails
  1277 | D:2      | Reached skill level 1 in Staves
  1277 | D:2      | Reached skill level 1 in Slings
  1277 | D:2      | Reached skill level 1 in Bows
  1277 | D:2      | Reached skill level 1 in Crossbows
  1277 | D:2      | Reached skill level 1 in Stealth
  1277 | D:2      | Reached skill level 1 in Shields
  1277 | D:2      | Reached skill level 1 in Unarmed Combat
  1277 | D:2      | Reached skill level 1 in Evocations
  1738 | D:2      | Reached XP level 4. HP: 4/38 MP: 11/11
  2129 | D:2      | Reached skill level 1 in Conjurations
  2129 | D:2      | Reached skill level 1 in Hexes
  2129 | D:2      | Reached skill level 1 in Summonings
  2129 | D:2      | Reached skill level 1 in Necromancy
  2129 | D:2      | Reached skill level 1 in Transmutations
  2129 | D:2      | Reached skill level 1 in Fire Magic
  2129 | D:2      | Reached skill level 1 in Ice Magic
  2129 | D:2      | Reached skill level 1 in Air Magic
  2129 | D:2      | Reached skill level 1 in Earth Magic
  2129 | D:2      | Reached skill level 1 in Poison Magic
  2129 | D:2      | Reached XP level 5. HP: 5/43 MP: 12/12
  2870 | D:3      | Found Qaodd's General Store.
  2879 | D:3      | Bought 3 poisoned darts for 12 gold pieces
  2902 | D:3      | Found a glowing silver altar of Zin.
  2902 | D:3      | Found a burning altar of Makhleb.
  2903 | D:3      | Noticed a green death
  2903 | D:3      | Noticed an angel
  3009 | D:3      | Found Fineyck's Jewellery Boutique.
  3112 | D:3      | Found Elifoqe's Jewellery Shop.
  3260 | D:3      | Found Citah's Distillery.
  3266 | D:3      | Bought a potion of heal wounds for 60 gold pieces
  3601 | D:3      | Reached XP level 6. HP: 29/46 MP: 13/13
  4004 | D:4      | Reached skill level 5 in Fighting
  4004 | D:4      | Reached skill level 5 in Polearms
  4004 | D:4      | Reached skill level 5 in Dodging
  4226 | D:4      | Found a shimmering blue altar of Sif Muna.
  4295 | D:4      | Reached XP level 7. HP: 14/56 MP: 12/15
  4714 | D:4      | Noticed Eustachio
  4796 | D:4      | Killed Eustachio
  5084 | D:4      | Noticed Robin
  5110 | D:4      | Killed Robin
  5691 | D:4      | Reached XP level 8. HP: 45/63 MP: 16/16
  5832 | D:3      | Bought a potion of flight for 36 gold pieces
  5892 | D:4      | Got Sif Muna's Almanac of Incorporation
  5917 | D:4      | Learned a level 1 spell: Sting
  5920 | D:4      | Learned a level 2 spell: Ensorcelled Hibernation
  5923 | D:4      | Learned a level 2 spell: Passwall
  5982 | D:5      | Entered Level 5 of the Dungeon
  5982 | D:5      | Found Atywnop's Antique Weapon Boutique.
  6584 | D:5      | Found a staircase to the Ecumenical Temple.
  6596 | Temple   | Entered the Ecumenical Temple
  6711 | Temple   | Became a worshipper of Warmaster Okawaru
  6891 | D:5      | Noticed Blork the orc
  6909 | D:5      | Killed Blork the orc
  6911 | D:5      | Found a white marble altar of Elyvilon.
  7088 | D:5      | Found a runed translucent gate.
  7088 | D:5      | Found a runed translucent gate.
  7089 | D:5      | Found a runed translucent gate.
  7090 | D:5      | Found an opulent altar of Gozag.
  7093 | D:5      | Noticed Exporg's ghost (novice TrFi)
  7905 | D:6      | Reached XP level 9. HP: 66/69 MP: 18/18
  8228 | D:6      | Reached * piety under Okawaru
  8271 | D:6      | Found a shadowy altar of Dithmenos.
  8283 | D:6      | Found a shimmering altar of Xom.
  9074 | D:7      | Noticed Harold
  9379 | D:6      | Reached skill level 5 in Throwing
  9379 | D:6      | Reached skill level 5 in Armour
 10222 | D:7      | Noticed Joseph
 10225 | D:7      | Slain by Harold

Illustrated notes

Levels and vault maps discovered:
D:1:      dpeg_arrival_round_c, layout_rooms, dreamdust_ecumenical_altar_grove,
          minmay_misc_feat_four_crosses
D:2:      layout_basic, minmay_divided_ellipse
D:3:      layout_basic, grunt_temple_overflow_order_and_chaos_2, serial_shops,
          nicolae_shop_trees, nicolae_shop_crystal, nicolae_shop_crystal,
          nicolae_square_shop
D:4:      layout_rooms, led_sif_book, uniq_robin, uniq_eustachio
D:5:      layout_basic, mainiacjoe_overflow_brackets, temple_hall, serial_shops,
          nicolae_square_shop, ebering_ghost_gozag, nicolae_underground_beach,
          uniq_blork_the_orc
D:6:      layout_gridville, amethyst_overflow_temple_binary,
          chequers_serial_rivers_micro_e, minmay_holes, grunt_ministairs_8
D:7:      layout_cave_pools, uniq_joseph, uniq_maggie, uniq_harold
Temple:   nicolae_temple_figure_zero

Skill      XL: |  1  2  3  4  5  6  7  8  9 |
---------------+----------------------------+-----
Spellcasting   | 5 6 |  6.6
Invocations    | 1 2 3 4 |  4.7
Short Blades   | 1 2 3 4 |  4.3
Long Blades    | 1 2 3 4 |  4.3
Axes           | 1 2 3 4 |  4.3
Maces & Flails | 1 2 3 4 |  4.3
Staves         | 1 2 3 4 |  4.3
Slings         | 1 2 3 4 |  4.3
Bows           | 1 2 3 4 |  4.3
Crossbows      | 1 2 3 4 |  4.3
Stealth        | 1 2 3 4 |  4.3
Shields        | 1 2 3 4 |  4.3
Unarmed Combat | 1 2 3 4 |  4.3
Evocations     | 1 2 3 4 |  4.3
Conjurations   | 1 2 3 |  3.5
Hexes          | 1 2 3 |  3.5
Summonings     | 1 2 3 |  3.5
Necromancy     | 1 2 3 |  3.5
Transmutations | 1 2 3 |  3.5
Fire Magic     | 1 2 3 |  3.5
Ice Magic      | 1 2 3 |  3.5
Air Magic      | 1 2 3 |  3.5
Earth Magic    | 1 2 3 |  3.5
Poison Magic   | 1 2 3 |  3.5
Throwing       | 3 4 5 |  5.1
Armour         | 3 4 5 |  5.1
Fighting       | 5 6 |  6.3
Polearms       | 5 6 |  6.3
Dodging        | 5 6 |  6.3
Translocations | 6 |  6.6

Action                   |  1- 3 |  4- 6 |  7- 9 || total
-------------------------+-------+-------+-------++-------
Melee: Spear             |    16 |       |       ||    16
       Hand axe          |    87 |    31 |       ||   118
       Bite              |     3 |    14 |    44 ||    61
       Punch             |     1 |     4 |    17 ||    22
       Whip              |       |   113 |   284 ||   397
       Trident           |       |       |    95 ||    95
       Long sword        |       |       |    52 ||    52
Throw: Dart              |       |     4 |    16 ||    20
       Javelin           |       |       |     2 ||     2
       Boomerang         |       |       |     2 ||     2
 Cast: Blink             |       |     2 |     4 ||     6
       Ensorcelled Hiber |       |       |     2 ||     2
       Sting             |       |       |     1 ||     1
  Use: Potion            |       |     2 |     1 ||     3
       Scroll            |       |       |     5 ||     5
 Stab: Sleeping          |       |       |     7 ||     7
Armor: Ring mail         |    46 |    50 |    67 ||   163
       Robe              |       |       |   112 ||   112
Dodge: Dodged            |    59 |    73 |   329 ||   461
Block: Buckler           |       |       |    11 ||    11
